 Dungeon Crawl Stone Soup version 0.31.0-12-g77e489cdc1 (webtiles) character file.

Game seed: 10146553815361668327

632 spaghetti the Slasher (level 7, -6/52 HPs)
             Began as a Demonspawn Chaos Knight on Mar 6, 2024.
             Was a Plaything of Xom.
             Killed by divine providence
             ... invoked by an orc priest
              (15 damage)
             ... on level 5 of the Dungeon.
             The game lasted 00:05:25 (2917 turns).

spaghetti the Slasher (Demonspawn Chaos Knight)     Turns: 2917, Time: 00:05:25

Health: -6/52      AC: 13    Str: 13    XL:     7   Next: 24%
Magic:  7/7        EV: 11    Int: 20    God:    Xom [...*..]
Gold:   211        SH:  0    Dex: 17    Spells: 6/6 levels left

rFire   . . .        z - +10 rapier "Qexeamo" {pain, rF- Int+8 Dex+3}
rCold   + . .        (no shield)
rNeg    . . .        b - +2 leather armour
rPois   .            (no helmet)
rElec   .            e - +0 cloak
rCorr   .            (no gloves)
SInv    .            (no boots)
Will    +....        (no amulet)
Stlth   +            m - +4 ring of protection
HPRegen 0.28/turn    u - ring of protection from fire
MPRegen 0.10/turn

%: clarity
@: marked
A: hooves 1, slimy green scales 2, demonic guardian 1, spiny 1, clarity, cold
resistance 1, strong-willed 1, mutation resistance 1, sense surroundings 2, wild
magic 1
a: Renounce Religion


You were on level 5 of the Dungeon.
You worshipped Xom.
You were a favourite toy of Xom.
You visited 1 branch of the dungeon, and saw 5 of its levels.

You collected 211 gold pieces.

Inventory:

Hand Weapons
 a - a +1 falchion of chaos
 z - the +10 rapier "Qexeamo" (weapon) {pain, rF- Int+8 Dex+3}
   (You found it on level 5 of the Dungeon)

   Int+8:     It affects your intelligence (+8).
   Dex+3:     It affects your dexterity (+3).
   rF-:       It makes you vulnerable to fire.
Armour
 b - a +2 leather armour (worn)
 e - a +0 cloak (worn)
Jewellery
 m - a +4 ring of protection (left hand)
 r - a ring of fire
 u - a ring of protection from fire (right hand)
Wands
 A - a wand of flame (13)
Scrolls
 c - a scroll of butterflies
 h - a scroll of silence {unknown}
 k - 3 scrolls of identify {unknown}
 n - a scroll of vulnerability {unknown}
 o - a scroll of fear
 p - 2 scrolls of teleportation
 q - a scroll of enchant armour {unknown}
 s - a scroll of amnesia
 v - 2 scrolls of summoning {unknown}
 x - 2 scrolls of poison {unknown}
 y - a scroll of enchant weapon
Potions
 d - 2 potions of lignification {unknown}
 f - a potion of heal wounds {unknown}
 g - a potion of curing {unknown}
 i - 2 potions of enlightenment {unknown}
 j - 2 potions of degeneration {unknown}
 l - a potion of ambrosia {unknown}
 t - a potion of haste {unknown}
 w - a potion of brilliance {unknown}


   Skills:
 - Level 3.0 Fighting
 + Level 2.1(5.1) Short Blades
 - Level 7.3(7.5) Long Blades
 - Level 1.7 Armour
 - Level 0.8 Dodging


You had 6 spell levels left.
You didn't know any spells.
Your spell library contained the following spells:

 Spells                   Type           Power      Damage    Failure   Level
 Ensorcelled Hibernation  Hex/Ice        0%         N/A       45%         2
 Fugue of the Fallen      Necr           0%         N/A       67%         3
 Anguish                  Hex/Necr       0%         N/A       96%         4


Dungeon Overview and Level Annotations

Branches:
Dungeon (5/15)
 Temple: D:4-7

Altars:
Dithmenos


Innate Abilities, Weirdness & Mutations

You have large cloven feet.
You are mostly covered in slimy green scales. (AC +3)
A weak demonic guardian rushes to your aid.
You are partially covered in sharp spines.
You possess an exceptional clarity of mind.
Your flesh is cold resistant. (rC+)
You are strong-willed. (Will+)
You are somewhat resistant to further mutation.
You passively map the area around you.
Your spells are a little harder to cast, but a little more powerful.


Message History

The orc is almost dead.
The orc hits you but does no damage. x2
The orc priest miscasts a cantrip.
You barely miss the orc.
The orc is almost dead. "Serve the mortal, my child!"
The orc priest miscasts a cantrip.
The sky beast flickers out of sight!
Deactivating autopickup; reactivate with Ctrl-A.
The ogre misses you.
Unknown command.
A sky beast appears from thin air!
Reactivating autopickup.
The orc attacks as it pursues you! The orc hits you with a +0 whip.
The ogre hits something with a +0 giant club!!
You hit the orc. Your kick misses the orc.
The orc is lightly wounded.
You barely miss the orc.
The orc is almost dead.
You hit the orc.
You kill the orc!
You barely miss the orc.
The orc is lightly wounded.
The orc priest calls down the wrath of Beogh upon you.
Beogh smites you! The orc hits you but does no damage.
You puncture the orc!
You kill the orc!
You puncture the orc!
You kill the orc!
You hit the ogre. You kick the ogre.
The ogre is moderately wounded.
The ogre is struck by your spines.
The ogre hits you with a +0 giant club!!
Ouch! That really hurt!
* * * LOW HITPOINT WARNING * * *
A demonic guardian appears!
The orc priest invokes the aid of Beogh against you.
Beogh smites you!
You die...
Xom chuckles heartily!

, ** #. #.#.... * ,
#.,#.#... * * , , ,
,####.......*,* ,, ,
, , ..{...#...#*,* *#
, , *......#...#, )#
# * , ,
...o...!..#####.#.#*
,, ,
......Yow.#........ ,
** #O#.......#, *, *
**#@###.))######* *#
, * ,, #.5...........
, #####.#..####. ***
* , #....#..# #.####
* ,* , , #.......#
#..... ,
*#.#####.######### *
, ..............# # *
,, ,
.....####.#####'####
* ,,
,...,#,..#.##........


You could see a sky beast, an ogre (ally target), an orc priest, a dart slug and
a friendly shadow imp (summoned).

Vanquished Creatures
  A black bear (D:4)
  An ice beast (D:4)
  A sky beast (D:5)
  A scorpion (D:3)
  A howler monkey (D:5)
  2 orc priests (D:3)
  3 orc wizards
  4 adders
  16 orcs
  6 bats
  4 endoplasms
  4 giant cockroaches
  9 goblins
  4 hobgoblins (D:1)
  3 jackals (D:1)
  4 kobolds
  5 quokkas
  3 ball pythons
  A frilled lizard (D:3)
  3 rats (D:3)
76 creatures vanquished.

Notes
Turn   | Place    | Note
-------+----------+-------------------------------------------
     0 | D:1      | spaghetti the Demonspawn Chaos Knight began the quest for
                  | the Orb.
     0 | D:1      | Reached XP level 1. HP: 18/18 MP: 1/1
    82 | D:1      | XOM: silly message
   106 | D:1      | Reached skill level 3 in Long Blades
   142 | D:1      | Gained mutation: A weak demonic guardian rushes to your
                  | aid. [demonic ancestry]
   142 | D:1      | Reached XP level 2. HP: 24/24 MP: 2/2
   163 | D:1      | XOM: divination: detect creatures
   443 | D:1      | XOM: god gift: ring mail {god gift}
   556 | D:1      | Found a faded altar of an unknown god.
   592 | D:1      | XOM: give mutations
   592 | D:1      | Gained mutation: You passively map a small area around you.
                  | [Xom's grace]
   592 | D:1      | Gained mutation: Your spells are a little harder to cast,
                  | but a little more powerful. [Xom's grace]
   592 | D:1      | Gained mutation: You are somewhat resistant to further
                  | mutation. [Xom's grace]
   912 | D:2      | XOM: god gift: 8 stones
   948 | D:2      | XOM: confuse monster(s)
   950 | D:2      | Gained mutation: You have large cloven feet. [demonic
                  | ancestry]
   950 | D:2      | Reached XP level 3. HP: 29/29 MP: 3/3
   997 | D:2      | Reached skill level 4 in Long Blades
  1050 | D:2      | XOM: god gift: staff of air
  1294 | D:2      | XOM: cloud trail
  1384 | D:2      | XOM: god gift: 3 stones
  1681 | D:3      | Gained mutation: You are partially covered in sharp spines.
                  | [demonic ancestry]
  1681 | D:3      | Reached XP level 4. HP: 32/35 MP: 4/4
  1692 | D:3      | Reached skill level 5 in Long Blades
  1695 | D:3      | Gained mutation: You are partially covered in slimy green
                  | scales. (AC +2) [demonic ancestry]
  1695 | D:3      | Reached XP level 5. HP: 28/41 MP: 5/5
  1936 | D:3      | XOM: noise
  2091 | D:3      | XOM: polymorph dart slug -> giant cockroach
  2113 | D:4      | Noticed a black bear
  2114 | D:4      | XOM: divination: detect items
  2116 | D:4      | XOM: confuse monster(s)
  2124 | D:4      | Killed a black bear
  2125 | D:4      | Reached skill level 6 in Long Blades
  2125 | D:4      | Reached XP level 6. HP: 36/47 MP: 6/6
  2279 | D:4      | XOM: silly message
  2408 | D:4      | Noticed an ice beast
  2417 | D:4      | Killed an ice beast
  2470 | D:4      | Reached skill level 7 in Long Blades
  2656 | D:4      | XOM: give mutations
  2656 | D:4      | Gained mutation: You passively map the area around you.
                  | [Xom's grace]
  2656 | D:4      | Gained mutation: You are strong-willed. (Will+) [Xom's
                  | grace]
  2656 | D:4      | Gained mutation: Your flesh is cold resistant. (rC+) [Xom's
                  | grace]
  2656 | D:4      | Gained mutation: You possess an exceptional clarity of
                  | mind. [Xom's grace]
  2670 | D:4      | Found a shadowy altar of Dithmenos.
  2728 | D:5      | Entered Level 5 of the Dungeon
  2746 | D:5      | Gained mutation: You are mostly covered in slimy green
                  | scales. (AC +3) [demonic ancestry]
  2746 | D:5      | Reached XP level 7. HP: 52/52 MP: 7/7
  2755 | D:5      | XOM: cloud trail
  2756 | D:5      | Identified the +10 rapier "Qexeamo" {pain, rF- Int+8 Dex+3}
  2791 | D:5      | XOM: smoke on damage
  2795 | D:5      | Reached skill level 1 in Short Blades
  2843 | D:5      | XOM: summons 1 hostile demon
  2886 | D:5      | XOM: polymorph orc -> quokka
  2909 | D:5      | XOM: summons friendly crimson imp
  2917 | D:5      | Killed from afar by an orc priest

Illustrated notes

Levels and vault maps discovered:
D:1:      saegor_arrival_simple_b, layout_basic,
          ebering_ecumenical_altar_petrified, minmay_strange_pillars
D:2:      layout_basic
D:3:      layout_rooms
D:4:      layout_basic, lemuel_coloured_pillars_altar, minmay_small_thing
D:5:      layout_basic, nicolae_hepliaklqana_monster_ancestors

Skill      XL: |  1  2  3  4  5  6  7 |
---------------+----------------------+-----
Long Blades    | 3 4 5 6 7 |  7.3
Short Blades   | 2 |  2.1
Fighting       | |  3.0
Armour         | |  1.7
Dodging        | |  0.8

Action                     |  1- 3 |  4- 6 |  7- 9 || total
---------------------------+-------+-------+-------++-------
  Melee: Falchion          |    85 |    76 |       ||   161
         Punch             |     2 |       |       ||     2
         Kick              |     5 |    21 |     3 ||    29
         Rapier            |       |       |    26 ||    26
  Throw: Stone             |    20 |    28 |       ||    48
    Use: Scroll            |     6 |       |       ||     6
 Armour: Leather armour    |    74 |    73 |    14 ||   161
  Dodge: Dodged            |    62 |    37 |     6 ||   105
